 Dungeon Crawl Stone Soup version 0.20-a0-853-gabbfcfc (webtiles) character file.

16 M4edhros the Sneak (level 2, -1/18 HPs)
             Began as an Octopode Artificer on Mar 11, 2017.
             Slain by a hound (3 damage)
             ... on level 4 of the Dungeon.
             The game lasted 00:00:51 (509 turns).

M4edhros the Sneak (Octopode Artificer)              Turns: 509, Time: 00:00:51

Health: -1/18      AC:  1    Str: 11    XL:     2   Next: 58%
Magic:  4/4        EV: 13    Int: 13    God:
Gold:   47         SH:  0    Dex: 12    Spells: 1/1 levels left

rFire    . . .     SeeInvis .   a - +0 short sword
rCold    . . .     Gourm    .   (no shield)
rNeg     . . .     Faith    .   (helmet restricted)
rPois    .         Spirit   .   (no amulet)
rElec    .         Reflect  .   i - ring of teleportation (curse)
rCorr    .         Harm     .   (no ring)
MR       .....     Rnd*Tele +   (no ring)
Stlth    +++.......             (no ring)
Regen    0.1/turn               (no ring)
MPRegen  0.1/turn               (no ring)
                                (no ring)
                                (no ring)

@: no status effects
A: almost no armour, stealthy swim, amphibious, 8 rings, constrict 8, camouflage
1, gelatinous body 1
a: no special abilities


You were on level 4 of the Dungeon.
You were not hungry.

You visited 1 branch of the dungeon, and saw 5 of its levels.

You collected 47 gold pieces.

Inventory:

Hand Weapons
 a - a +0 short sword (weapon)
 e - a +1 vampiric whip
Jewellery
 i - a cursed ring of teleportation (left tentacle)
Wands
 b - a wand of flame (15/48)
 c - a wand of enslavement (12/24)
 d - a wand of random effects (12/48)
Scrolls
 g - 2 scrolls of teleportation {unknown}
Potions
 h - 2 potions of curing {unknown}
Comestibles
 f - a bread ration
 j - a meat ration


   Skills:
 - Level 1.0 Fighting
 - Level 1.0 Short Blades
 - Level 2.0 Dodging
 + Level 3.6 Stealth
 - Level 3.2 Evocations


You had one spell level left.
You didn't know any spells.

Dungeon Overview and Level Annotations

Branches:
Dungeon (5/15)
 Temple: D:4-7

Altars:

Annotations:
D:2 Terence


Innate Abilities, Weirdness & Mutations

You cannot wear most types of armour.
You are very stealthy in the water. (Stealth+)
You are amphibious.
You can wear up to eight rings at the same time.
You can use your tentacles to constrict eight enemies at once.
Your skin changes colour to match your surroundings (Stealth+).
Your rubbery body absorbs attacks. (AC +1, EV +1)


Message History

You are too injured to fight recklessly!
You are too injured to fight recklessly!
You are too injured to fight recklessly!
You hit the hound but do no damage. Your grab misses the hound.
The hound barely misses you.
You hit the hound. Your grab misses the hound. You squeeze the hound.
The hound is heavily wounded.
The hound closely misses you. The hound barely misses you.
You closely miss the hound. Your grab misses the hound.
The hound is moderately wounded.
The hound barely misses you.
You barely miss the hound. You grab the hound.
The hound is moderately wounded.
You constrict the hound. The hound bites you.
* * * LOW HITPOINT WARNING * * *
The hound barely misses you.
You hit the hound but do no damage.
The hound is heavily wounded.
You constrict the hound. The hound bites you.
You die...

##>.
###### ##
.....#
....# ###
....# ...
...# ...
##.## ###
#...#
##♣@..♣##
#.h.....#
#.<.♣.<.#
#.......#
##♣.>.♣##
#...#
#####


You could see a hound.

Vanquished Creatures
  A leopard gecko (D:4)
  2 giant cockroaches
  A goblin (D:3)
  2 quokkas (D:4)
  A bat (D:3)
  A frilled lizard (D:4)
  A kobold (D:3)
  A quokka skeleton (D:4)
10 creatures vanquished.

Vanquished Creatures (collateral kills)
  A gnoll (D:3)
1 creature vanquished.

Vanquished Creatures (others)
  A gnoll (D:3)
  A kobold (D:2)
2 creatures vanquished.

Grand Total: 13 creatures vanquished

Notes
Turn   | Place    | Note
-------+----------+-------------------------------------------
     0 | D:1      | M4edhros the Octopode Artificer began the quest for the Orb.
     0 | D:1      | Reached XP level 1. HP: 13/13 MP: 3/3
     2 | D:2      | Noticed Terence
   110 | D:3      | Reached XP level 2. HP: 3/18 MP: 4/4
   486 | D:5      | Entered Level 5 of the Dungeon
   509 | D:4      | Slain by a hound

Vault maps used:
D:1:      dpeg_arrival_refuge, nemelex_altar_shiori
D:2:      uniq_terence
D:3:      bloody_makhleb
D:4:      lemuel_crystal_altar, grunt_ministairs_7, dk_yredelemnul_ordeal
D:5:      first_bread

Skill      XL: |  1 |
---------------+----+-----
Stealth        | 3 |  3.6
Fighting       | |  1.0
Short Blades   | |  1.0
Dodging        | |  2.0
Evocations     | |  3.2

Action                   || total
-------------------------++-------
Melee: Short sword       ||    24
       Constrict         ||     8
       Tentacles         ||     4
Evoke: Wand              ||     6
 Stab: Sleeping          ||     3
Armor: Skin              ||     1
Dodge: Dodged            ||    16
